 Dungeon Crawl Stone Soup version 0.29.1-4-g47bece8355 (webtiles) character file.

Game seed: 5706595413806038350

123 Peloso the Trooper (level 4, -1/40 HPs)
             Began as a Minotaur Fighter on Dec 3, 2022.
             Slain by Natasha (4 damage)
             ... on level 2 of the Dungeon.
             The game lasted 00:05:19 (2506 turns).

Peloso the Trooper (Minotaur Fighter)               Turns: 2506, Time: 00:05:19

Health: -1/40      AC: 10    Str: 26    XL:     4   Next: 80%
Magic:  3/3        EV:  8    Int:  5    God:
Gold:   125        SH:  5    Dex: 12    Spells: 3/3 levels left

rFire   . . .      SeeInvis .   a - +0 long sword
rCold   . . .      Faith    .   c - +0 buckler
rNeg    . . .      Spirit   .   n - +0 chain mail
rPois   .          Reflect  .   (helmet restricted)
rElec   .          Harm     .   k - +0 cloak
rCorr   .          Rampage  .   (no gloves)
Will    .....                   (no boots)
Stlth   ..........              (no amulet)
HPRegen 0.13/turn               f - +6 ring of strength
MPRegen 0.08/turn               (no ring)

@: mighty, slowed, very slow
A: horns 2, retaliatory headbutt
a: no special abilities


You were on level 2 of the Dungeon.
You visited 1 branch of the dungeon, and saw 3 of its levels.

You collected 149 gold pieces.
You spent 24 gold pieces at shops.

Inventory:

Hand Weapons
 a - a +0 long sword (weapon)
Armour
 b - a +0 scale mail
 c - a +0 buckler (worn)
 k - a +0 cloak (worn)
 n - a +0 chain mail (worn)
Jewellery
 f - a +6 ring of strength (left hand)
Scrolls
 e - a scroll of magic mapping
 j - a scroll of identify
 l - a scroll of enchant weapon {unknown}
 m - a scroll of enchant armour {unknown}
Potions
 g - a potion of brilliance {unknown}
 h - 2 potions of attraction {unknown}
 i - 4 potions of curing


   Skills:
 + Level 4.3 Fighting
 + Level 4.1 Long Blades
 + Level 4.3 Armour
 + Level 1.0 Dodging
 + Level 4.3 Shields


You had 3 spell levels left.
You didn't know any spells.
Your spell library was empty.

Dungeon Overview and Level Annotations

Branches:
Dungeon (3/15)

Altars:

Shops:
D:2 *

Annotations:
D:2 Natasha


Innate Abilities, Weirdness & Mutations

You have a pair of horns on your head.
You reflexively headbutt those who attack you in melee.


Message History

You feel yourself slow down.
The crimson imp hits you but does no damage.
You closely miss something. Your headbutt misses something.
Something claws you but does no damage.
The crimson imp hits you but does no damage.
Something claws you.
You miss something. You headbutt something. The crimson imp barely misses you.
You hear some strange, mumbled words.
Something tries to affect you, but you resist.
The crimson imp closely misses you. Something claws you but does no damage.
You closely miss something. Your headbutt misses something.
The crimson imp disappears in a puff of smoke!
You hear some strange, mumbled words. x2
You hear some strange, mumbled words.
You feel as though you will be slow longer.
There is a stone staircase leading up here.
You hear some strange, mumbled words.
Something claws you.
* * * LOW HITPOINT WARNING * * *
You climb upwards.
The iron imp disappears in a puff of smoke!
The crimson imp disappears in a puff of smoke! x2
Reactivating autopickup.
There is a stone staircase leading down here.
It was a potion of curing.
You feel better. Something claws you.
Deactivating autopickup; reactivate with Ctrl-A.
Something claws you but does no damage. x2
You closely miss something. Something claws you!
* * * LOW HITPOINT WARNING * * *
Something claws you but does no damage.
You feel very mighty all of a sudden. Something claws you but does no damage.
You barely miss something. Your headbutt misses something.
Natasha appears from thin air!
Reactivating autopickup.
Natasha claws you.
* * * LOW HITPOINT WARNING * * *
You block Natasha's attack.
You miss Natasha. Natasha claws you.
You die...

# #.##.##...#.##.# ##.#
########.##.##.....##.#
#.#
...)....†...###..####.#
#.# ..######.#### #..#
#.# #.. ..## #.# #..#
#.# ### .#.#####.#
#..####.# # .........#
#.......# ## .#.#######
##h###### ####. ..##
#@# ##.... g## #.#
##...#. .#### #.#
#...... .g..# ### #.#
#....## ###)# ##.## #.#
#.#.... #.###...## #.#
#.#.### #<.......# #.#
##.#.# #.###...## #.#
#..#.### ###.# ##.##
#.# #.##<...


You could see Natasha.

Vanquished Creatures
  2 adders (D:2)
  4 gnolls
  3 worms (D:2)
  2 dart slugs (D:1)
  5 ball pythons
  9 endoplasms
  5 giant cockroaches (D:2)
  2 goblins (D:2)
  6 hobgoblins
  A quokka (D:2)
  6 bats
  2 frilled lizards
  3 kobolds
  4 rats
54 creatures vanquished.

Vanquished Creatures (others)
  5 plants (D:1)
5 creatures vanquished.

Grand Total: 59 creatures vanquished

Notes
Turn   | Place    | Note
-------+----------+-------------------------------------------
     0 | D:1      | Peloso the Minotaur Fighter began the quest for the Orb.
     0 | D:1      | Reached XP level 1. HP: 19/19 MP: 0/0
     0 | D:1      | Noticed an orb of fire
     0 | D:1      | Noticed an iron dragon
     3 | D:1      | Noticed a large abomination
     3 | D:1      | Noticed a large abomination
     5 | D:1      | Noticed a purple draconian
     7 | D:1      | Noticed a tentacled monstrosity
     8 | D:1      | Noticed a large abomination
    11 | D:1      | Noticed a golden dragon
    11 | D:1      | Noticed a large abomination
    13 | D:1      | Noticed a large abomination
    13 | D:1      | Noticed an ice dragon
    15 | D:1      | Noticed an iron dragon
    15 | D:1      | Noticed a tentacled monstrosity
    15 | D:1      | Noticed an orb of fire
    17 | D:1      | Noticed a large abomination
    19 | D:1      | Noticed an ice dragon
    19 | D:1      | Noticed a green draconian
    22 | D:1      | Noticed an iron dragon
   175 | D:1      | Reached XP level 2. HP: 8/27 MP: 1/1
   438 | D:1      | Found a faded altar of an unknown god.
  1025 | D:2      | Found Bubusch's General Store.
  1036 | D:2      | Reached XP level 3. HP: 33/33 MP: 2/2
  1056 | D:2      | Bought a scroll of identify for 24 gold pieces
  1401 | D:2      | Reached skill level 1 in Dodging
  1453 | D:2      | Reached XP level 4. HP: 26/40 MP: 3/3
  2477 | D:3      | Noticed Natasha
  2506 | D:2      | Slain by Natasha

Illustrated notes

Levels and vault maps discovered:
D:1:      shiori_arrival_whats_in_store_for_you, layout_basic, serial_forest,
          infiniplex_forest_clump_small, infiniplex_forest_straight_2,
          infiniplex_forest_lined_room_3, infiniplex_forest_clump_diagonal,
          infiniplex_forest_3_way, infiniplex_forest_lined_ring,
          infiniplex_forest_zigzag_1, infiniplex_forest_straight_4,
          infiniplex_forest_straight_3, infiniplex_forest_corner_1,
          dreamdust_ecumenical_altar_grove
D:2:      layout_loops_ring, serial_shops, shop,
          hangedman_abyss_or_decor_lesser_grid, minmay_worlds_worst_comb
D:3:      kennysheep_goblin_castle, layout_rooms, uniq_sigmund, uniq_natasha,
          uniq_terence, uniq_ijyb

Skill      XL: |  1  2  3  4 |
---------------+-------------+-----
Long Blades    | 3 4 |  4.1
Armour         | 4 |  4.3
Fighting       | 4 |  4.3
Shields        | 4 |  4.3
Dodging        | 1 |  1.0

Action                   |  1- 3 |  4- 6 || total
-------------------------+-------+-------++-------
Melee: Long sword        |    87 |    61 ||   148
       Headbutt          |    11 |    10 ||    21
  Use: Scroll            |     1 |       ||     1
       Potion            |       |     2 ||     2
Armor: Scale mail        |    62 |    13 ||    75
       Chain mail        |       |    22 ||    22
Dodge: Dodged            |    43 |    29 ||    72
Block: Buckler           |    29 |    15 ||    44
